 Dungeon Crawl Stone Soup version 0.28-a0-1486-g8196b01e9b (webtiles) character file.

Game seed: 35015745248546573

1488 Nattfarinn the Slicer (level 9, 0/51 HPs)
             Began as a Kobold Brigand on Jan 12, 2022.
             Succumbed to a scorpion's poison
             ... on level 6 of the Dungeon.
             The game lasted 00:10:43 (6489 turns).

Nattfarinn the Slicer (Kobold Brigand)              Turns: 6489, Time: 00:10:44

Health: 0/51       AC: 10    Str:  8    XL:     9   Next: 7%
Magic:  9/9        EV: 14    Int: 12    God:
Gold:   269        SH:  0    Dex: 21    Spells: 8/8 levels left

rFire   . . .      SeeInvis .   a - +2 dagger (protect)
rCold   + . .      Faith    .   (no shield)
rNeg    + . .      Spirit   .   b - +0 robe
rPois   .          Reflect  .   t - +0 helmet
rElec   .          Harm     .   y - scarf {repulsion}
rCorr   .          Rampage  .   (no gloves)
Will    .....                   (no boots)
Stlth   ++++++....              s - amulet of regeneration
HPRegen 0.97/turn               n - ring of protection from cold
MPRegen 0.11/turn               w - ring of positive energy

@: lethally poisoned (0 -> -4), under a protective aura, hasted, repel missiles,
very quick
A: small, no large weapons, nightstalker 3
a: no special abilities


You were on level 6 of the Dungeon.
You visited 1 branch of the dungeon, and saw 7 of its levels.

You collected 269 gold pieces.

Inventory:

Hand Weapons
 a - a +2 dagger of protection (weapon)
 q - a +2 dagger of pain
Missiles
 d - 9 poisoned darts (quivered)
 v - a throwing net
Armour
 b - a +0 robe (worn)
 c - a +0 cloak
 t - a +0 helmet (worn)
 y - a scarf of repulsion (worn)
Jewellery
 n - a ring of protection from cold (left hand)
 o - an amulet of reflection
 s - an amulet of regeneration (around neck)
 w - a ring of positive energy (right hand)
Wands
 x - a wand of iceblast (4)
Scrolls
 e - a scroll of noise {unknown}
 g - a scroll of magic mapping
 i - 4 scrolls of torment
 j - 3 scrolls of fear
 k - 3 scrolls of teleportation
 l - a scroll of silence
 m - 3 scrolls of immolation
 p - a scroll of identify
 z - 2 scrolls of blinking {unknown}
 A - a scroll of enchant armour {unknown}
Potions
 f - a potion of haste
 h - a potion of magic {unknown}
 r - a potion of heal wounds {unknown}
 u - a potion of ambrosia {unknown}


   Skills:
 + Level 3.4 Fighting
 - Level 10.4 Short Blades
 * Level 4.3 Throwing
 - Level 1.2 Dodging
 + Level 10.0 Stealth


You had 8 spell levels left.
You didn't know any spells.
Your spell library contained the following spells:

 Spells                   Type           Power      Damage    Failure   Level
 Magic Dart               Conj           0%         1d3       32%         1
 Corpse Rot               Necr/Air       0%         N/A       45%         2
 Searing Ray              Conj           0%         2d4       45%         2
 Gell's Gravitas          Tloc           0%         N/A       69%         3
 Lesser Beckoning         Tloc           0%         N/A       69%         3
 Teleport Other           Tloc           0%         N/A       69%         3
 Dispel Undead            Necr           0%         3d6       97%         4
 Fulminant Prism          Conj/Hex       0%         3d6       97%         4
 Death Channel            Necr           0%         N/A       100%        6


Dungeon Overview and Level Annotations

Branches:
Dungeon (7/15)
 Temple: D:4-7

Altars:
Elyvilon


Innate Abilities, Weirdness & Mutations

You are small and have problems with some larger weapons.
You are completely attuned to the shadows.


Message History

You hit the scorpion.
The scorpion is heavily wounded.
You feel sick.
The scorpion stings you but does no damage.
You hit the scorpion.
The scorpion is heavily wounded.
You feel sick.
The scorpion stings you but does no damage.
You hit the scorpion but do no damage.
The scorpion is heavily wounded.
You feel sick.
You hit the scorpion but do no damage.
The scorpion is heavily wounded.
You feel sick. The scorpion barely misses you.
You hit the scorpion but do no damage.
The scorpion is heavily wounded.
You feel sick.
You hit the scorpion but do no damage.
The scorpion is heavily wounded.
You feel sick.
The scorpion stings you but does no damage.
You hit the scorpion but do no damage.
The scorpion is heavily wounded.
You feel sick. The scorpion stings you.
* * * LOW HITPOINT WARNING * * *
You are more poisoned.
The scorpion poisons you!
You barely miss the scorpion.
The scorpion is heavily wounded.
You feel sick.
You hit the scorpion.
The scorpion is severely wounded.
You feel sick. The scorpion stings you!
* * * LOW HITPOINT WARNING * * *
You hit the scorpion but do no damage.
The scorpion is severely wounded.
* * * LOW HITPOINT WARNING * * *
You feel sick.
It was a potion of haste.
You feel yourself speed up.
You die...

#.. ##.# ##.)#####
##........
....).###.
###..... ##....#
#. #......# ##.#(#
#. #.....# #.#.#
#. #.s.# #.#.###.
#@# #....... #)#
###.#### #)# #.#
##.## #.# ##...##
#.# #.....# #.#
#....##########.#
##...##..........#
.....†..##########


You could see a scorpion.

Vanquished Creatures
  3 sky beasts (D:6)
  2 ice beasts
  2 ogres
  2 centaurs
  A scorpion (D:4)
  A water moccasin skeleton (D:5)
  2 howler monkeys
  A bullfrog zombie (D:6)
  An orc priest (D:3)
  2 iguanas (D:5)
  A jelly (D:5)
  A bullfrog skeleton (D:4)
  A centaur skeleton (D:6)
  3 orc wizards
  A killer bee zombie (D:6)
  Robin (D:3)
  4 gnolls
  6 adders
  2 shadow imps
  A white imp (D:5)
  An adder skeleton (D:3)
  2 worms (D:2)
  2 dart slugs
  7 orcs
  6 ball pythons
  4 endoplasms
  A giant cockroach (D:3)
  13 goblins
  9 hobgoblins
  6 kobolds
  2 quokkas
  3 bats
  A rat (D:2)
95 creatures vanquished.

Notes
Turn   | Place    | Note
-------+----------+-------------------------------------------
     0 | D:1      | Nattfarinn the Kobold Brigand began the quest for the Orb.
     0 | D:1      | Reached XP level 1. HP: 12/12 MP: 1/1
   240 | D:1      | Reached XP level 2. HP: 17/17 MP: 2/2
   714 | D:1      | Reached XP level 3. HP: 21/21 MP: 3/3
  1710 | D:2      | Found a faded altar of an unknown god.
  2075 | D:3      | Reached XP level 4. HP: 26/26 MP: 4/4
  2259 | D:3      | Reached skill level 5 in Short Blades
  2913 | D:3      | Found a white marble altar of Elyvilon.
  3080 | D:3      | Reached XP level 5. HP: 16/30 MP: 5/5
  3396 | D:3      | Noticed Robin
  4001 | D:3      | Killed Robin
  4146 | D:4      | Reached XP level 6. HP: 35/35 MP: 6/6
  4218 | D:4      | Noticed an ogre
  4243 | D:4      | Killed an ogre
  4831 | D:4      | Reached XP level 7. HP: 34/40 MP: 7/7
  5192 | D:5      | Entered Level 5 of the Dungeon
  5553 | D:5      | HP: 2/40 [iguana (8)]
  5783 | D:5      | Reached XP level 8. HP: 38/44 MP: 8/8
  5813 | D:5      | You fall into a shaft and drop 1 floor!
  5971 | D:6      | Reached skill level 10 in Short Blades
  6367 | D:6      | Reached skill level 10 in Stealth
  6367 | D:6      | Reached XP level 9. HP: 41/51 MP: 9/9
  6488 | D:6      | HP: 1/51 [poisoned by a scorpion]
  6489 | D:6      | Succumbed to a scorpion's poison

Illustrated notes

Levels and vault maps discovered:
D:1:      scummos_arrival_checkerplants, layout_basic
D:2:      layout_loops_ring, basic_ecumenical_altar, minmay_ruptured
D:3:      layout_loops_corners, kennysheep_flooded_box, uniq_robin
D:4:      layout_loops_cross, minmay_misc_feat_five
D:5:      layout_basic
D:6:      layout_loops_corners, zin_scriptorium, gammafunk_ghost_split,
          st_stairs_12
D:7:      layout_gridville, minmay_temple_entry_from_below_a,
          chequers_serial_rivers_room_b, st_stairs_2, kennysheep_generic_room_8,
          uniq_pikel

Skill      XL: |  1  2  3  4  5  6  7  8 |
---------------+-------------------------+-----
Short Blades   | 3 4 5 6 7 9 10 | 10.4
Stealth        | 6 7 8 10 | 10.0
Throwing       | 4 |  4.3
Fighting       | 3 |  3.4
Dodging        | |  1.2

Action                   |  1- 3 |  4- 6 |  7- 9 || total
-------------------------+-------+-------+-------++-------
Melee: Dagger            |    70 |   148 |   302 ||   520
       Punch             |       |     1 |     6 ||     7
Throw: Dart              |       |    24 |    18 ||    42
Evoke: Wand              |       |       |     7 ||     7
  Use: Scroll            |       |     1 |     8 ||     9
       Potion            |       |       |     1 ||     1
 Stab: Sleeping          |    18 |    10 |     9 ||    37
       Distracted        |       |     1 |       ||     1
Armor: Robe              |     5 |    15 |    63 ||    83
Dodge: Dodged            |    22 |    57 |   110 ||   189

Table legend: (Time is in decaauts)
 A = Elapsed time spent in this place.
 B = Non-inter-level travel time spent in this place.
 C = Inter-level travel time spent in this place.
 D = Time resting spent in this place.
 E = Time spent auto-exploring this place.
 F = Levels seen in this place.
 G = Mean time per level.
                   A        B        C        D        E       F      G
               +--------+--------+--------+--------+--------+-----+--------+
         Total |   6282 |   6166 |    116 |    418 |   4880 |   7 |  897.4 |
       Dungeon |   6282 |   6166 |    116 |    418 |   4880 |   7 |  897.4 |
               +--------+--------+--------+--------+--------+-----+--------+

Top non-repeatable levels by time:
     D:3: 1996 daAuts
     D:4: 1092 daAuts
     D:1: 1052 daAuts
     D:2: 989 daAuts
     D:5: 573 daAuts
     D:6: 547 daAuts
     D:7: 30 daAuts
